[ PARTIDA AOE2 · #495748975 ]
UnrankedMagiares vs Hindustanis
Equipo del jugador · DERR
Equipo rival · VICT
[ ANÁLISIS DE REPETICIÓN · EXTRAÍDO DE LA PARTIDA GRABADA ]
Feudal
9:25
Castillos
13:30
Imperial
—
| APM promedio | 47.3 |
| APM pico | 88 |
| eAPM promedio | 20.9 |
| Aldeanos / militares | 75 / 47 |
Foco
⚔️ 38.3% · 🌾 61.7%
Magyar Huszar ×39 · Mangonel ×4 · Scorpion ×2 · Battering Ram ×2
Feudal
7:53
Castillos
16:54
Imperial
—
| APM promedio | 73.6 |
| APM pico | 115 |
| eAPM promedio | 37.3 |
| Aldeanos / militares | 77 / 43 |
Foco
⚔️ 62.3% · 🌾 37.7%
Camel Scout ×32 · Spearman ×7 · Monk ×3 · Scout Cavalry ×1
Mapa de la partida
Recursos iniciales + cada clic de construcción. Líneas = muros · curvas = relieve. ◆ oro · ⬟ piedra · ● bayas · ✦ reliquia · ◌ hueco del cierre
Tu base· Abierta — flanco sin cerrar
Base de LonzoWall· ✓ Cerrada en 16:54 · 66t muro · 1 puerta(s)
Terreno inicial suavizado · ◌ = hueco del cierre detectado · pasá el cursor para detalles
Inputs por minuto
— SaintJustice - - LonzoWall
Build order — SaintJustice
Primeras 150 de 199 acciones detectadas
| 0:03 | Construir | House |
| 0:06 | Construir | House |
| 0:07 | Crear | Villager (Male) |
| 0:07 | Crear | Villager (Male) |
| 0:07 | Crear | Villager (Male) |
| 0:07 | Crear | Villager (Male) |
| 0:08 | Crear | Villager (Male) |
| 0:10 | Investigar | Loom |
| 0:11 | Crear | Villager (Male) ×4 |
| 0:11 | Crear | Villager (Male) ×4 |
| 0:13 | Construir | House |
| 1:18 | Crear | Villager (Male) |
| 1:18 | Crear | Villager (Male) |
| 1:33 | Construir | Lumber Camp |
| 1:59 | Construir | Lumber Camp |
| 2:02 | Construir | House |
| 2:05 | Construir | House |
| 2:14 | Crear | Villager (Male) |
| 2:14 | Crear | Villager (Male) |
| 2:14 | Crear | Villager (Male) |
| 2:52 | Construir | House |
| 2:55 | Construir | Palisade Wall |
| 2:56 | Construir | Palisade Wall |
| 2:59 | Crear | Villager (Male) |
| 2:59 | Crear | Villager (Male) |
| 3:00 | Crear | Villager (Male) |
| 3:18 | Construir | Palisade Wall |
| 3:19 | Construir | Palisade Wall |
| 3:20 | Construir | Palisade Wall |
| 3:20 | Construir | Palisade Wall |
| 3:21 | Construir | Palisade Wall |
| 3:22 | Construir | Palisade Wall |
| 3:24 | Construir | Palisade Wall |
| 3:25 | Construir | Palisade Wall |
| 3:34 | Crear | Villager (Male) |
| 3:35 | Crear | Villager (Male) |
| 3:45 | Construir | Palisade Wall |
| 3:46 | Construir | Palisade Wall |
| 3:48 | Crear | Villager (Male) |
| 3:48 | Crear | Villager (Male) |
| 4:13 | Crear | Villager (Male) |
| 4:14 | Crear | Villager (Male) |
| 4:45 | Crear | Villager (Male) |
| 4:45 | Crear | Villager (Male) |
| 5:21 | Crear | Villager (Male) |
| 5:27 | Construir | Barracks |
| 5:35 | Construir | House |
| 6:10 | Crear | Villager (Male) |
| 6:21 | Crear | Villager (Male) |
| 7:02 | Investigar | Feudal Age |
| 7:03 | Investigar | Feudal Age |
| 7:15 | Construir | Mill |
| 7:34 | Crear | Villager (Male) |
| 7:34 | Crear | Villager (Male) |
| 9:25 | Edad | Edad Feudal |
| 9:28 | Construir | Market |
| 9:30 | Construir | Blacksmith |
| 10:50 | Investigar | Castle Age |
| 11:04 | Investigar | Double-Bit Axe |
| 11:04 | Investigar | Double-Bit Axe |
| 11:43 | Construir | Mining Camp |
| 12:00 | Investigar | Horse Collar |
| 13:30 | Edad | Edad de los Castillos |
| 13:57 | Crear | Villager (Male) |
| 13:57 | Crear | Villager (Male) |
| 14:05 | Investigar | Bow Saw |
| 14:05 | Investigar | Bow Saw |
| 14:46 | Crear | Villager (Male) |
| 14:48 | Construir | Castle |
| 15:00 | Construir | Farm |
| 15:02 | Construir | Farm |
| 15:04 | Construir | Farm |
| 15:06 | Construir | Farm |
| 15:08 | Construir | Farm |
| 15:15 | Construir | Farm |
| 15:15 | Crear | Villager (Male) |
| 15:45 | Crear | Magyar Huszar |
| 15:46 | Crear | Magyar Huszar |
| 15:59 | Crear | Magyar Huszar |
| 15:59 | Crear | Magyar Huszar |
| 16:12 | Construir | Farm |
| 16:24 | Crear | Villager (Male) |
| 16:25 | Crear | Villager (Male) |
| 16:39 | Construir | Farm |
| 16:48 | Crear | Magyar Huszar |
| 16:48 | Crear | Magyar Huszar |
| 16:50 | Crear | Villager (Male) |
| 16:51 | Crear | Villager (Male) |
| 17:02 | Crear | Villager (Male) |
| 17:08 | Construir | Farm |
| 17:09 | Construir | Farm |
| 17:13 | Construir | Farm |
| 17:20 | Crear | Villager (Male) |
| 17:20 | Crear | Villager (Male) |
| 17:49 | Crear | Villager (Male) |
| 17:50 | Crear | Magyar Huszar |
| 17:50 | Crear | Magyar Huszar |
| 17:57 | Construir | House |
| 17:58 | Crear | Villager (Male) |
| 18:01 | Crear | Magyar Huszar |
| 18:01 | Crear | Magyar Huszar |
| 18:08 | Construir | Barracks |
| 18:30 | Crear | Magyar Huszar |
| 18:40 | Crear | Villager (Male) |
| 18:46 | Crear | Magyar Huszar |
| 18:55 | Construir | House |
| 18:55 | Crear | Villager (Male) |
| 19:02 | Crear | Magyar Huszar |
| 19:02 | Crear | Magyar Huszar |
| 19:31 | Crear | Villager (Male) |
| 19:32 | Crear | Magyar Huszar |
| 19:36 | Construir | Stable |
| 19:42 | Crear | Magyar Huszar |
| 19:42 | Crear | Magyar Huszar |
| 19:53 | Construir | Farm |
| 19:56 | Crear | Villager (Male) |
| 20:01 | Crear | Magyar Huszar |
| 20:01 | Crear | Magyar Huszar |
| 20:21 | Construir | Farm |
| 20:23 | Crear | Magyar Huszar |
| 20:26 | Crear | Villager (Male) |
| 20:27 | Crear | Villager (Male) |
| 20:28 | Construir | Farm |
| 20:40 | Construir | Outpost |
| 20:43 | Crear | Villager (Male) |
| 20:51 | Crear | Magyar Huszar |
| 20:52 | Crear | Magyar Huszar |
| 20:56 | Crear | Magyar Huszar |
| 20:56 | Crear | Magyar Huszar |
| 21:08 | Crear | Villager (Male) |
| 21:26 | Construir | Siege Workshop |
| 21:29 | Crear | Villager (Male) |
| 21:30 | Crear | Magyar Huszar |
| 21:30 | Crear | Magyar Huszar |
| 21:48 | Construir | Outpost |
| 21:49 | Crear | Villager (Male) |
| 21:52 | Construir | House |
| 21:53 | Crear | Magyar Huszar |
| 21:54 | Crear | Magyar Huszar |
| 22:07 | Investigar | Light Cavalry (upgrade) |
| 22:09 | Investigar | Bloodlines |
| 22:10 | Investigar | Bloodlines |
| 22:18 | Crear | Mangonel |
| 22:19 | Crear | Mangonel |
| 22:23 | Crear | Villager (Male) |
| 22:23 | Crear | Villager (Male) |
| 22:32 | Construir | House |
| 22:40 | Crear | Magyar Huszar |
| 22:40 | Crear | Magyar Huszar |
| 22:43 | Crear | Villager (Male) |
Build order — LonzoWall
Primeras 150 de 226 acciones detectadas
| 0:03 | Investigar | Loom |
| 0:05 | Construir | House |
| 0:08 | Construir | House |
| 0:23 | Crear | Villager (Male) |
| 0:51 | Crear | Villager (Male) |
| 1:16 | Crear | Villager (Male) |
| 1:31 | Construir | Lumber Camp |
| 1:41 | Crear | Villager (Male) |
| 2:01 | Crear | Villager (Male) |
| 2:32 | Crear | Villager (Male) |
| 2:44 | Construir | House |
| 2:52 | Crear | Villager (Male) |
| 3:00 | Crear | Villager (Male) |
| 3:17 | Crear | Villager (Male) |
| 3:41 | Crear | Villager (Male) |
| 4:17 | Construir | Mill |
| 4:22 | Construir | Mill |
| 4:36 | Crear | Villager (Male) |
| 5:01 | Crear | Villager (Male) |
| 5:43 | Investigar | Feudal Age |
| 6:06 | Construir | House |
| 6:31 | Construir | Barracks |
| 7:22 | Construir | House |
| 7:47 | Crear | Villager (Male) |
| 7:53 | Edad | Edad Feudal |
| 7:56 | Construir | Stable |
| 7:58 | Crear | Spearman |
| 8:01 | Crear | Villager (Male) |
| 8:13 | Construir | Palisade Wall |
| 8:15 | Construir | Palisade Wall |
| 8:24 | Investigar | Double-Bit Axe |
| 8:24 | Investigar | Double-Bit Axe |
| 8:26 | Crear | Villager (Male) |
| 8:29 | Construir | House |
| 8:29 | Construir | Palisade Wall |
| 8:56 | Construir | House |
| 8:57 | Crear | Scout Cavalry |
| 9:05 | Investigar | Horse Collar |
| 9:07 | Crear | Villager (Male) |
| 9:15 | Construir | Palisade Gate |
| 9:16 | Construir | Palisade Wall |
| 9:27 | Crear | Villager (Male) |
| 9:39 | Crear | Villager (Male) |
| 9:44 | Construir | Palisade Wall |
| 9:47 | Crear | Villager (Male) |
| 10:07 | Crear | Villager (Male) |
| 10:36 | Construir | Farm |
| 10:37 | Construir | Farm |
| 10:52 | Construir | Farm |
| 10:58 | Crear | Villager (Male) |
| 11:16 | Construir | Palisade Wall |
| 11:19 | Crear | Villager (Male) |
| 11:38 | Crear | Villager (Male) |
| 11:51 | Construir | Farm |
| 12:05 | Construir | Farm |
| 12:28 | Construir | Farm |
| 12:28 | Crear | Villager (Male) |
| 12:32 | Construir | Mining Camp |
| 12:55 | Crear | Villager (Male) |
| 13:07 | Construir | Palisade Wall |
| 13:10 | Construir | House |
| 13:16 | Construir | Blacksmith |
| 13:20 | Crear | Villager (Male) |
| 13:43 | Crear | Spearman |
| 13:49 | Crear | Villager (Male) |
| 13:57 | Investigar | Castle Age |
| 14:04 | Construir | Palisade Wall |
| 14:10 | Crear | Spearman |
| 14:13 | Construir | Stone Wall |
| 14:16 | Construir | Stone Wall |
| 14:34 | Construir | Farm |
| 14:35 | Crear | Spearman |
| 14:35 | Crear | Spearman |
| 14:43 | Construir | Lumber Camp |
| 15:02 | Construir | Stone Wall |
| 15:05 | Construir | Farm |
| 15:08 | Crear | Spearman |
| 15:36 | Construir | Stone Wall |
| 15:43 | Construir | Farm |
| 15:47 | Investigar | Bloodlines |
| 15:48 | Investigar | Bloodlines |
| 15:57 | Construir | Farm |
| 16:28 | Crear | Spearman |
| 16:38 | Construir | Stone Wall |
| 16:46 | Construir | Stone Wall |
| 16:52 | Construir | Stone Wall |
| 16:54 | Edad | Edad de los Castillos |
| 16:57 | Crear | Camel Scout |
| 16:57 | Crear | Camel Scout |
| 16:59 | Crear | Villager (Male) |
| 17:02 | Construir | Stone Wall |
| 17:06 | Construir | Stone Wall |
| 17:11 | Crear | Villager (Male) |
| 17:18 | Construir | Stone Wall |
| 17:29 | Crear | Camel Scout |
| 17:32 | Crear | Villager (Male) |
| 17:36 | Crear | Villager (Male) |
| 17:55 | Crear | Villager (Male) |
| 18:00 | Construir | Town Center |
| 18:04 | Construir | Stone Wall |
| 18:05 | Construir | Stone Wall |
| 18:05 | Construir | Stone Wall |
| 18:07 | Crear | Camel Scout |
| 18:12 | Construir | Monastery |
| 18:17 | Crear | Villager (Male) |
| 18:18 | Construir | House |
| 18:30 | Construir | Stone Wall |
| 18:34 | Crear | Camel Scout |
| 18:42 | Construir | Stone Wall |
| 18:55 | Construir | Farm |
| 18:56 | Construir | Farm |
| 19:00 | Crear | Monk |
| 19:09 | Construir | Stone Wall |
| 19:34 | Crear | Camel Scout |
| 19:39 | Crear | Villager (Male) |
| 19:40 | Construir | House |
| 19:49 | Construir | Mill |
| 19:50 | Construir | Farm |
| 19:50 | Construir | Farm |
| 19:51 | Construir | Farm |
| 19:51 | Construir | Farm |
| 19:51 | Construir | Farm |
| 19:51 | Construir | Farm |
| 19:51 | Construir | Farm |
| 19:52 | Construir | Farm |
| 19:55 | Construir | Stone Wall |
| 20:01 | Crear | Villager (Male) |
| 20:02 | Construir | House |
| 20:12 | Construir | Farm |
| 20:18 | Crear | Villager (Male) |
| 20:26 | Crear | Monk |
| 20:31 | Crear | Camel Scout |
| 20:33 | Crear | Villager (Male) |
| 21:00 | Crear | Villager (Male) |
| 21:06 | Crear | Camel Scout |
| 21:11 | Crear | Villager (Male) |
| 21:14 | Construir | Farm |
| 21:14 | Construir | Farm |
| 21:15 | Construir | Farm |
| 21:16 | Construir | House |
| 21:17 | Construir | House |
| 21:30 | Crear | Villager (Male) |
| 21:32 | Construir | House |
| 21:37 | Investigar | Scale Barding Armor |
| 21:37 | Investigar | Scale Barding Armor |
| 21:46 | Crear | Villager (Male) |
| 21:54 | Crear | Villager (Male) |
| 21:55 | Crear | Villager (Male) |
| 21:59 | Crear | Camel Scout |
| 22:01 | Crear | Monk |
Cronología de la partida
| 2:55 | SaintJustice · wall_segment Palisade Wall x1 |
| 2:56 | SaintJustice · wall_segment Palisade Wall x1 |
| 3:18 | SaintJustice · wall_segment Palisade Wall x1 |
| 3:19 | SaintJustice · wall_segment Palisade Wall x1 |
| 3:20 | SaintJustice · wall_segment Palisade Wall x1 |
| 3:20 | SaintJustice · wall_segment Palisade Wall x1 |
| 3:21 | SaintJustice · wall_segment Palisade Wall x1 |
| 3:22 | SaintJustice · wall_segment Palisade Wall x1 |
| 3:24 | SaintJustice · wall_segment Palisade Wall x1 |
| 3:25 | SaintJustice · wall_segment Palisade Wall x1 |
| 3:45 | SaintJustice · wall_segment Palisade Wall x1 |
| 3:46 | SaintJustice · wall_segment Palisade Wall x1 |
| 5:27 | SaintJustice · first_building Barracks |
| 6:31 | LonzoWall · first_building Barracks |
| 7:53 | LonzoWall · age_up feudal |
| 7:56 | LonzoWall · first_building Stable |
| 8:13 | LonzoWall · wall_segment Palisade Wall x2 |
| 8:15 | LonzoWall · wall_segment Palisade Wall x10 |
| 8:29 | LonzoWall · wall_segment Palisade Wall x1 |
| 9:16 | LonzoWall · wall_segment Palisade Wall x1 |
| 9:25 | SaintJustice · age_up feudal |
| 9:44 | LonzoWall · wall_segment Palisade Wall x10 |
| 10:23 | SaintJustice · first_market_sell 100 stone |
| 10:25 | SaintJustice · first_market_buy 100 food |
| 11:16 | LonzoWall · wall_segment Palisade Wall x15 |
| 13:07 | LonzoWall · wall_segment Palisade Wall x5 |
| 13:30 | SaintJustice · age_up castle |
| 14:04 | LonzoWall · wall_segment Palisade Wall x1 |
| 14:13 | LonzoWall · wall_segment Stone Wall x1 |
| 14:16 | LonzoWall · wall_segment Stone Wall x5 |
| 14:48 | SaintJustice · first_building Castle |
| 15:02 | LonzoWall · wall_segment Stone Wall x6 |
| 15:36 | LonzoWall · wall_segment Stone Wall x10 |
| 16:38 | LonzoWall · wall_segment Stone Wall x2 |
| 16:46 | LonzoWall · wall_segment Stone Wall x1 |
| 16:52 | LonzoWall · wall_segment Stone Wall x1 |
| 16:54 | LonzoWall · age_up castle |
| 17:02 | LonzoWall · wall_segment Stone Wall x1 |
| 17:06 | LonzoWall · wall_segment Stone Wall x1 |
| 17:18 | LonzoWall · wall_segment Stone Wall x1 |
| 18:04 | LonzoWall · wall_segment Stone Wall x1 |
| 18:05 | LonzoWall · wall_segment Stone Wall x1 |
| 18:05 | LonzoWall · wall_segment Stone Wall x1 |
| 18:12 | LonzoWall · first_building Monastery |
| 18:30 | LonzoWall · wall_segment Stone Wall x2 |
| 18:42 | LonzoWall · wall_segment Stone Wall x1 |
| 19:09 | LonzoWall · wall_segment Stone Wall x1 |
| 19:36 | SaintJustice · first_building Stable |
| 19:55 | LonzoWall · wall_segment Stone Wall x1 |
| 21:26 | SaintJustice · first_building Siege Workshop |
| 22:46 | LonzoWall · wall_segment Stone Wall x1 |
| 22:49 | LonzoWall · wall_segment Stone Wall x1 |
| 22:58 | LonzoWall · wall_segment Palisade Wall x1 |
| 23:29 | LonzoWall · wall_segment Stone Wall x1 |
| 23:30 | SaintJustice · wall_segment Palisade Wall x1 |
| 23:31 | LonzoWall · wall_segment Stone Wall x1 |
| 25:26 | SaintJustice · wall_segment Palisade Wall x13 |
| 26:28 | LonzoWall · wall_segment Stone Wall x1 |
| 28:06 | SaintJustice · resign |
[ ANÁLISIS IA · 1 CRÉDITO ]
¿Qué pasó realmente en esta partida?
Wolo.gg analiza cada decisión: build order, eco, micro, errores típicos por bracket. Análisis personalizado por WhatsApp o Discord en 30 segundos.
Guía civ
Magiares
Perfil
Jugador #11935777